AoeStats
← IN.JOK

QS Arena

503599338Analyzed
4v4 RM · 1mo ago on Sep 1, 2026· 48m 43s· 8 players
Game mode
Random Map
Map size
Large (8 player)
Population
200
Speed
Normal
Resources
Standard
Victory
Conquest
Starting age
Dark Age
Ending age
Imperial Age
RankedLock teamsTeams togetherTeam positionsShared explorationLock speedFull tech treeHidden civsTurbo modeCheats
Victory
Defeat
🇨🇳 Khmer · China
1610
+12
🇨🇳 Koreans · China
1585
+13
🇨🇳 Britons · China
1487
+17
🇨🇳 Persians · China
1235
+27
🇨🇳 Bohemians · China
1532
-18
🇨🇳 Mongols · China
1511
-17
🇯🇵 Magyars · Japan
1511
-17
🇨🇳 Byzantines · China
1486
-16
mmr
7:52 Feudal Age
11:10 Castle Age
9:25 Double-Bit Axe
9:57 Horse Collar
12:06 Bow Saw
12:02 Heavy Plow
19:33 Wheelbarrow
20:03 Gold Mining
20:56 Hand Cart
21:18 Town Watch
24:53 Imperial Age
23:08 Loom
23:24 Town Patrol
24:04 Scale Barding Armor
24:09 Forging
24:00 Light Cavalry
24:53 Bloodlines
25:12 Chain Barding Armor
25:28 Iron Casting
24:58 Husbandry
25:44 Gold Shaft Mining
26:00 Conscription
26:25 Elite Battle Elephant
27:41 Plate Barding Armor
31:28 Ballistics
32:24 Blast Furnace
31:35 Heavy Scorpion
33:44 Chemistry
34:22 Double Crossbow
34:40 Capped Ram
35:16 Pikeman
36:55 Siege Ram
37:08 Siege Ram
40:46 Siege Engineers
42:04 Light Cavalry
46:37 Hussar
蛋炒饭
9:04 Feudal Age
9:58 Double-Bit Axe
12:42 Castle Age
10:47 Horse Collar
13:46 Wheelbarrow
13:50 Bow Saw
20:21 Loom
20:57 Stone Mining
26:19 Imperial Age
23:54 Murder Holes
25:04 Stone Shaft Mining
24:19 Gold Mining
24:53 Scale Barding Armor
25:33 Forging
26:29 Bloodlines
26:19 Husbandry
26:50 Chain Barding Armor
27:05 Iron Casting
27:05 Hand Cart
26:35 Town Watch
26:22 Cavalier
28:27 Conscription
28:07 Light Cavalry
28:27 Heavy Camel Rider
28:39 Savar
30:28 Plate Barding Armor
30:35 Town Patrol
30:02 Heavy Camel Rider
30:14 Elite War Elephant
33:51 Blast Furnace
33:11 Heavy Plow
34:14 Gold Shaft Mining
39:23 Light Cavalry
IN.JOK
8:23 Feudal Age
8:39 Loom
10:33 Double-Bit Axe
10:43 Fletching
23:17 Castle Age
23:54 Bodkin Arrow
25:22 Horse Collar
30:28 Wheelbarrow
32:19 Crossbowman
38:32 Imperial Age
36:20 Thumb Ring
36:12 Town Watch
39:07 Hand Cart
39:04 Bow Saw
38:55 Heavy Plow
38:46 Gold Mining
38:46 Stone Mining
38:38 Arbalester
39:24 Bracer
39:47 Ballistics
39:12 Arbalester
40:37 Conscription
43:02 Chemistry
43:39 Eupseong
43:25 Arrowslits
44:06 Scale Mail Armor
44:17 Forging
45:44 Squires
45:05 Pikeman
46:01 Chain Mail Armor
46:22 Iron Casting
46:10 Halberdier
48:33 Plate Mail Armor
chunfeng
7:36 Feudal Age
11:32 Castle Age
10:52 Double-Bit Axe
10:49 Horse Collar
19:30 Gold Mining
21:20 Loom
22:10 Wheelbarrow
23:11 Light Cavalry
33:42 Husbandry
桐原冬子
7:15 Feudal Age
7:50 Double-Bit Axe
8:30 Loom
8:29 Horse Collar
13:41 Wheelbarrow
17:04 Castle Age
18:10 Bow Saw
18:10 Heavy Plow
19:40 Hand Cart
25:27 Pikeman
28:54 Imperial Age
26:11 Loom
26:23 Pikeman
27:20 Scale Mail Armor
27:45 Husbandry
27:55 Bloodlines
27:40 Gold Mining
28:19 Chain Mail Armor
29:16 Halberdier
30:24 Conscription
30:17 Fletching
30:28 Padded Archer Armor
30:47 Scale Barding Armor
31:14 Thumb Ring
32:05 Bodkin Arrow
32:33 Ballistics
33:26 Bracer
33:42 Leather Archer Armor
34:27 Chain Barding Armor
34:42 Parthian Tactics
34:58 Ring Archer Armor
35:29 Recurve Bow
35:36 Recurve Bow
34:59 Heavy Cavalry Archer
35:29 Elite Magyar Huszar
37:31 Plate Barding Armor
36:43 Heavy Cavalry Archer
39:16 Chemistry
38:55 Recurve Bow
38:17 Man-at-Arms
40:19 Corvinian Army
40:21 Recurve Bow
42:28 Hoardings
44:11 Murder Holes
李清然
3:20 Loom
6:04 Feudal Age
6:33 Double-Bit Axe
7:40 Fletching
16:51 Town Watch
23:18 Castle Age
21:01 Horse Collar
23:57 Bodkin Arrow
24:29 Bow Saw
24:27 Guard Tower
27:03 Wheelbarrow
29:42 Pikeman
32:45 Gold Mining
32:46 Stone Mining
33:43 Fervor
37:26 Imperial Age
36:16 Padded Archer Armor
37:39 Fortified Wall
38:13 Siege Engineers
37:31 Onager
38:35 Drill
38:36 Conscription
39:18 Chemistry
39:17 Heavy Plow
38:49 Siege Onager
40:12 Hand Cart
42:48 Capped Ram
43:34 Scale Mail Armor
45:37 Chain Mail Armor
46:59 Squires
47:31 Plate Mail Armor
47:11 Forging
47:10 Siege Ram
48:54 Nomads
垃圾小土兵
9:27 Feudal Age
13:20 Castle Age
12:00 Horse Collar
12:07 Double-Bit Axe
14:28 Bow Saw
14:19 Heavy Plow
15:17 Wheelbarrow
22:18 Loom
23:43 Hand Cart
24:05 Gold Mining
24:05 Stone Mining
27:20 Imperial Age
25:14 Scale Barding Armor
25:19 Forging
26:26 Chain Barding Armor
26:42 Iron Casting
26:57 Gold Shaft Mining
26:59 Stone Shaft Mining
27:33 Husbandry
27:26 Fletching
27:28 Heavy Camel Rider
28:45 Plate Barding Armor
28:31 Conscription
29:14 Chemistry
28:20 Capped Ram
29:29 Bodkin Arrow
29:58 Ballistics
32:43 Guilds
32:34 Bracer
32:40 Padded Archer Armor
33:48 Sanctity
34:07 Illumination
34:54 Coinage
34:26 Caravan
36:06 Block Printing
36:02 Fervor
37:26 Banking
40:21 Theocracy
40:43 Treadmill Crane
42:06 Fortified Wall
42:13 Siege Ram
49:00 Two-Man Saw
48:50 Hoardings
随之任之
8:43 Feudal Age
12:24 Castle Age
10:25 Double-Bit Axe
10:42 Horse Collar
13:38 Bow Saw
15:59 Wheelbarrow
18:11 Sanctity
18:47 Redemption
21:12 Wagenburg Tactics
25:05 Fletching
34:50 Imperial Age
32:07 Loom
32:44 Heavy Plow
34:00 Pikeman
34:41 Squires
34:42 Scale Mail Armor
35:44 Hussite Reforms
36:05 Conscription
36:16 Fervor
36:44 Theocracy
36:44 Illumination
36:37 Block Printing
37:28 Chain Mail Armor
37:23 Forging
37:15 Elite Hussite Wagon
39:30 Two-Man Saw
39:33 Chemistry
39:35 Iron Casting
39:31 Plate Mail Armor
39:54 Ballistics
39:45 Masonry
41:10 Hand Cart
40:46 Halberdier
43:12 Coinage
43:05 Caravan
43:38 Architecture
43:16 Siege Engineers
45:45 Banking
45:27 Guilds
44:57 Treadmill Crane
45:39 Bombard Tower
44:43 Houfnice
45:48 Devotion
46:14 Illumination
45:50 Atonement
Connection lost

Rejoining the realm…

Still unreachable

The connection could not be restored.

Session expired

The server has moved on; the page needs a fresh start.